 Dungeon Crawl Stone Soup version 0.29-a0-330-g52719c12eb (webtiles) character file.

Game seed: 3783240357863262326

152728 Argons the Brawler (level 17, -5/156 HPs)
             Began as a Ghoul Fire Elementalist on May 8, 2022.
             Was the Champion of Makhleb.
             Slain by a deep troll (9 damage)
             ... on level 15 of the Dungeon.
             The game lasted 03:22:23 (45926 turns).

Argons the Brawler (Ghoul Fire Elementalist)       Turns: 45926, Time: 03:22:24

Health: -5/156     AC: 19    Str: 20    XL:     17   Next: 58%
Magic:  28/28      EV: 11    Int: 10    God:    Makhleb [******]
Gold:   1477       SH:  0    Dex: 15    Spells: 16/19 levels left

rFire   + . .      SeeInvis .     - Unarmed
rCold   + . .      Faith    +   (no shield)
rNeg    + + +      Spirit   .   S - +4 ring mail
rPois   ∞          Reflect  .   D - +1 helmet
rElec   .          Harm     .   J - +2 cloak
rCorr   .          Rampage  .   (no gloves)
Will    +....                   I - +0 pair of boots
Stlth   ++++......              N - amulet of faith
HPRegen 0.00/turn               K - +6 ring of dexterity
MPRegen 0.21/turn               M - ring of protection from fire

@: flying, inhibited regen
A: claws 1, cold resistance 1, negative energy resistance 3, inhibited
regeneration, torment resistance 2, devour on kill
a: Renounce Religion, Minor Destruction, Lesser Servant of Makhleb, Major
Destruction, Greater Servant of Makhleb


You were on level 15 of the Dungeon.
You worshipped Makhleb.
Makhleb was exalted by your worship.
You visited 7 branches of the dungeon, and saw 29 of its levels.
You visited 1 bazaar.
You also visited: Gauntlet.

You collected 2461 gold pieces.
You spent 984 gold pieces at shops.

Inventory:

Missiles
 c - 19 poisoned darts
 E - 27 boomerangs (quivered)
 H - 3 boomerangs of dispersal
Armour
 d - a +2 robe of willpower
 D - a +1 helmet (worn)
 I - a +0 pair of boots (worn)
 J - a +2 cloak (worn)
 S - a +4 ring mail (worn)
Jewellery
 h - a ring of protection from cold
 A - a ring of protection from cold
 K - a +6 ring of dexterity (left claw)
 M - a ring of protection from fire (right claw)
 N - an amulet of faith (around neck)
 P - a +6 ring of dexterity
 T - a ring of willpower
 V - a +4 ring of protection
 X - a ring of willpower
 Y - a ring of see invisible
Wands
 i - a wand of digging (23)
 v - a wand of flame (41)
 w - a wand of iceblast (33)
 B - a wand of mindburst (4)
 C - a wand of acid (9)
 U - a wand of polymorph (4)
Scrolls
 e - 2 scrolls of brand weapon
 g - 3 scrolls of acquirement
 k - 3 scrolls of enchant armour
 p - a scroll of magic mapping
 q - 4 scrolls of silence
 t - 6 scrolls of teleportation
 u - 3 scrolls of vulnerability
 y - 2 scrolls of summoning
 F - 2 scrolls of torment
 G - 2 scrolls of noise
 L - 3 scrolls of fog
 R - a scroll of enchant weapon
Potions
 a - 3 potions of cancellation
 b - 2 potions of magic
 f - 2 potions of ambrosia
 j - 9 potions of curing
 l - a potion of flight
 m - 4 potions of might
 n - 3 potions of brilliance
 o - 6 potions of attraction
 r - 5 potions of invisibility
 x - 3 potions of heal wounds
 z - 2 potions of resistance
 Q - 2 potions of haste
Miscellaneous
 W - a phial of floods


   Skills:
 - Level 15.0 Fighting
 - Level 12.0 Armour
 - Level 1.7 Dodging
 - Level 10.2 Stealth
 + Level 18.8 Unarmed Combat
 - Level 1.7 Spellcasting
 - Level 0.7 Conjurations
 - Level 2.4 Fire Magic
 + Level 17.9 Invocations


You had 16 spell levels left.
You knew the following spells:

 Your Spells              Type           Power      Damage    Failure   Level
a - Foxfire               Conj/Fire      16%        2x1d4     24%         1
b - Scorch                Fire           10%        2d6       26%         2

Your spell library contained the following spells:

 Spells                   Type           Power      Damage    Failure   Level
 Shock                    Conj/Air       4%         1d3       38%         1
 Summon Small Mammal      Summ           0%         N/A       43%         1
 Conjure Flame            Conj/Fire      4%         6-21      58%         3
 Inner Flame              Hex/Fire       3%         N/A       65%         3
 Call Canine Familiar     Summ           0%         N/A       80%         3
 Confusing Touch          Hex            0%         N/A       80%         3
 Frozen Ramparts          Ice            0%         1d2       80%         3
 Summon Guardian Golem    Hex/Summ       0%         N/A       80%         3
 Swiftness                Air            0%         N/A       80%         3
 Flame Wave               Conj/Fire      4%         2d5       94%         4
 Airstrike                Air            0%         N/A       99%         4
 Hailstorm                Conj/Ice       1%         3d3       99%         4
 Summon Ice Beast         Ice/Summ       0%         N/A       99%         4
 Fireball                 Conj/Fire      2%         3d4       100%        5
 Summon Forest            Summ/Tloc      0%         N/A       100%        5
 Yara's Violent Unravell  Hex/Tmut       0%         3d3       100%        5
 Dispersal                Tloc           0%         N/A       100%        6
 Eringya's Noxious Bog    Tmut/Pois      0%         N/A       100%        6
 Simulacrum               Ice/Necr       0%         N/A       100%        6
 Starburst                Conj/Fire      2%         6d3       100%        6
 Enfeeble                 Hex            0%         N/A       100%        7
 Summon Hydra             Summ           0%         N/A       100%        7
 Disjunction              Tloc           0%         N/A       100%        8
 Ignition                 Fire           2%         3d3       100%        8
 Ice Form                 Ice/Tmut       Unusable   N/A       N/A         4

Dungeon Overview and Level Annotations

Branches:
Dungeon (15/15)            Temple (1/1) D:4            Lair (6/6) D:8
 Shoals (0/4) Lair:2        Snake (3/4) Lair:2        Slime (0/5) Lair:5
    Orc (2/2) D:9             Elf (1/3) Orc:2        Vaults (0/5) D:14
 Depths (1/4) D:15        Gauntlet (visited)

Altars:
Ashenzari
Cheibriados
Dithmenos
Elyvilon
Fedhas
Gozag
Hepliaklqana
Kikubaaqudgha
Makhleb
Nemelex Xobeh
Okawaru
Qazlal
Ru
Sif Muna
Trog
Uskayaw
Vehumet
Wu Jian
Xom
Yredelemnul
Zin
The Shining One

Shops:
D:5 !   D:10 !   D:14 (   Orc:2 ?*:[

Portals:
Pandemonium: Orc:2

Annotations:
Lair:3 2 transporters, Charly's ghost, journeyman HuCK
Orc:2 artifact armours


Innate Abilities, Weirdness & Mutations

You are immune to poison.
You have sharp fingernails.
Your flesh is cold resistant. (rC+)
You are immune to negative energy. (rN+++)
You do not regenerate when monsters are visible.
You are immune to unholy pain and torment.
You thrive by killing the living.


Message History

* * * LOW HITPOINT WARNING * * *
The deep troll claws you but does no damage.
You claw the deep troll!
The deep troll is almost dead.
The deep troll bites you!
* * * LOW HITPOINT WARNING * * *
The deep troll claws you.
* * * LOW HITPOINT WARNING * * *
The deep troll claws you but does no damage.
You mangle the deep troll!!
You kill the deep troll!
Makhleb accepts your kill.
You feel better.
The troll leather armour is intact enough to wear.
A demon appears!
The deep troll bites your ynoxinul! The deep troll claws your ynoxinul!
The deep troll claws your ynoxinul!!
Your ynoxinul dies!
Your ynoxinul disappears in a puff of smoke!
You barely miss the deep troll. You claw the deep troll.
The deep troll is lightly wounded.
The deep troll bites you!!
* * * LOW HITPOINT WARNING * * *
The deep troll claws you!
* * * LOW HITPOINT WARNING * * *
The deep troll claws you but does no damage.
You feel very buoyant.
You fly up into the air.
The deep troll barely misses you. The deep troll claws you.
* * * LOW HITPOINT WARNING * * *
The deep troll claws you but does no damage.
You feel more buoyant. The deep troll barely misses you.
The deep troll claws you but does no damage.
The deep troll claws you.
* * * LOW HITPOINT WARNING * * *
You feel more buoyant. The deep troll closely misses you.
The deep troll claws you but does no damage.
The deep troll claws you!
You die...

...........#..≈≈§≈≈≈≈..## #≈≈≈≈≈≈
.............§§§§#≈≈≈≈..# #≈≈≈≈≈≈
............≈≈#§≈≈≈≈#≈≈.# ##≈≈≈≈≈
.[..........≈≈§≈§§.≈§≈≈.# #....≈≈
.[.......#..≈≈§§§[..≈§§§###....≈≈
.........#..§#§≈.>.§§#§..##....≈#
###########.≈§§§.T§§§§≈.(......##
#.§§§§≈T≈§§≈≈.##.<...#
#.≈≈#§@≈§§#§≈.##.##'##
#..≈§§≈.§§§≈..##.##.###
##..§≈?≈.§≈..###.##....
##.........#.=..######
#####.#####.######### #.......#
#.... #######.# #.### #.# #.#
#.#####.#


You could see 2 deep trolls.

Vanquished Creatures
  Agnes (D:14)
  Kirke (Snake:1)
  A fire giant (D:15)
  A stone giant (D:15)
  Azrael (D:14)
  Snorg (D:10)
  A fire dragon (D:14)
  An ice dragon (D:11)
  Fannar (Lair:1)
  An ice dragon (shapeshifter) (Elf:1)
  5 naga warriors
  A demonspawn (Orc:2)
  11 hydras
  4 vault guards
  6 two-headed ogres
  A death knight (D:15)
  4 anacondas
  4 centaur warriors
  A catoblepas (Lair:2)
  8 death yaks
  9 orc high priests
  2 tengu warriors
  A deep troll shaman (D:15)
  5 dancing weapons
  A naga sharpshooter (Snake:3)
  2 sun demons (Orc:2)
  A shock serpent (Snake:2)
  3 soul eaters
  Amaemon (D:8)
  3 deep elf knights (Elf:1)
  An iron troll (D:15)
  2 cherubim (D:15)
  2 deep trolls (D:15)
  A naga ritualist (Snake:2)
  A glowing orange brain (shapeshifter) (D:13)
  Pikel (D:9)
  10 deep elf pyromancers
  11 deep elf zephyrmancers
  9 orc knights
  2 oklob plants
  9 orc sorcerers
  4 cyclopes
  6 ugly things
  4 salamanders
  4 manticores
  Maurice (D:10)
  A guardian serpent (Snake:2)
  14 elephants
  22 black mambas
  23 cane toads
  10 naga magi
  A torpor snail (Lair:2)
  A yaktaur (D:12)
  An orange demon (D:8)
  11 komodo dragons
  An efreet (D:14)
  4 rime drakes
  A tengu conjurer (D:15)
  3 ice devils (D:14)
  A red devil (Orc:2)
  A queen bee (shapeshifter) (D:13)
  5 trolls
  4 tyrant leeches (Lair:6)
  3 polar bears
  A hornet (D:9)
  A tarantella (shapeshifter) (D:14)
  12 slime creatures
  A snapping turtle (Lair:2)
  41 blink frogs
  Sigmund (D:6)
  3 shadows
  A centaur simulacrum (D:13)
  4 wyverns
  4 wraiths
  6 water elementals
  Eustachio (D:5)
  7 fire elementals
  Grum (D:8)
  6 basilisks
  5 hogs (Snake:1)
  57 yaks
  A steam dragon (D:9)
  6 wargs
  A chaos spawn (Orc:2)
  7 nagas
  18 vampire mosquitoes
  21 water moccasins
  2 acid dragons
  A hell hound (D:14)
  35 orc warriors
  2 sky beasts
  4 ice beasts (D:13)
  2 black bears
  10 ogres
  16 wolves
  16 centaurs
  2 phantoms (D:5)
  A kobold brigand (D:10)
  3 lemures (D:9)
  20 bullfrogs
  A necrophage (D:6)
  3 scorpions
  2 earth elementals (Elf:1)
  A gnoll sergeant (D:9)
  A wight (D:8)
  6 killer bees
  12 electric eels
  3 howler monkeys
  A crimson imp (D:6)
  2 hounds (D:5)
  9 jellies
  28 orc priests
  2 gnoll shamans
  6 iguanas
  16 orc wizards
  Ijyb (D:4)
  10 hell rats (Lair:4)
  Robin (D:2)
  12 gnolls
  8 adders
  10 white imps
  2 ufetubi
  A worm (D:5)
  A dart slug (D:2)
  69 orcs
  3 ball pythons
  23 endoplasms
  2 giant cockroaches
  15 goblins
  8 hobgoblins
  5 jackals
  2 quokkas
  7 bats
  2 frilled lizards
  12 kobolds
  4 rats
869 creatures vanquished.

Vanquished Creatures (collateral kills)
  A black mamba (Lair:1)
  2 blink frogs (Lair:1)
  An ogre (D:6)
  3 killer bees (D:6)
  2 gnoll shamans (D:6)
  An iguana (D:6)
  6 gnolls (D:6)
  An adder (D:6)
17 creatures vanquished.

Vanquished Creatures (others)
  A manticore (D:14)
  A black mamba (Snake:2)
  A human (Snake:1)
  An orc wizard (D:9)
  15 foxfires
  49 fungi
  207 plants
275 creatures vanquished.

Grand Total: 1161 creatures vanquished

Notes
Turn   | Place    | Note
-------+----------+-------------------------------------------
     0 | D:1      | Argons the Ghoul Fire Elementalist began the quest for the
                  | Orb.
     0 | D:1      | Reached XP level 1. HP: 14/14 MP: 2/2
    44 | D:1      | Found a faded altar of an unknown god.
   257 | D:1      | Reached skill level 1 in Fighting
   257 | D:1      | Reached skill level 1 in Unarmed Combat
   304 | D:1      | Reached XP level 2. HP: 23/23 MP: 1/3
   330 | D:1      | Learned a level 2 spell: Scorch
  1238 | D:2      | Reached XP level 3. HP: 27/29 MP: 1/4
  1373 | D:2      | Reached skill level 2 in Unarmed Combat
  1476 | D:2      | Noticed Robin
  1784 | D:2      | Reached skill level 3 in Unarmed Combat
  1796 | D:2      | Reached XP level 4. HP: 27/36 MP: 1/5
  2425 | D:4      | You fall into a shaft and drop 2 floors!
  2425 | D:6      | Noticed an ogre
  2430 | D:6      | Reached skill level 4 in Unarmed Combat
  2432 | D:6      | Reached XP level 5. HP: 32/41 MP: 6/6
  2436 | D:6      | Killed an ogre
  2437 | D:6      | Reached skill level 6 in Unarmed Combat
  2437 | D:6      | Reached XP level 6. HP: 32/48 MP: 7/7
  2466 | D:6      | Noticed Sigmund
  2470 | D:5      | Entered Level 5 of the Dungeon
  2800 | D:5      | Found Sacumpuv's Distillery.
  2812 | D:5      | Bought a potion of invisibility for 96 gold pieces
  2916 | D:5      | Reached skill level 7 in Unarmed Combat
  2916 | D:5      | Reached XP level 7. HP: 48/55 MP: 3/8
  2986 | D:5      | Reached skill level 8 in Unarmed Combat
  3592 | D:5      | Reached skill level 9 in Unarmed Combat
  3602 | D:5      | Reached XP level 8. HP: 31/61 MP: 0/9
  4131 | D:5      | Reached skill level 10 in Unarmed Combat
  4170 | D:5      | Found an ancient bone altar of Kikubaaqudgha.
  4177 | D:5      | Found a shimmering blue altar of Sif Muna.
  4285 | D:4      | Found a staircase to the Ecumenical Temple.
  4297 | Temple   | Entered the Ecumenical Temple
  4611 | D:4      | Noticed Ijyb
  5188 | D:2      | Killed Robin
  5525 | D:4      | Reached skill level 11 in Unarmed Combat
  5752 | D:4      | Killed Ijyb
  6116 | D:6      | Reached XP level 9. HP: 43/73 MP: 5/10
  6124 | D:6      | Reached skill level 5 in Fighting
  6366 | D:6      | Killed Sigmund
  6846 | D:6      | Noticed Eustachio
  7365 | D:5      | Killed Eustachio
  7432 | D:6      | Found a burning altar of Makhleb.
  7445 | D:6      | Became a worshipper of Makhleb the Destroyer
  7681 | D:7      | Reached skill level 1 in Invocations
  7765 | D:7      | Noticed a kobold demonologist
  7942 | D:8      | Found the +3 woodcutter's axe {vorpal}
  7994 | D:8      | Noticed a two-headed ogre
  9338 | D:7      | Reached * piety under Makhleb
  9546 | D:8      | Noticed Grum
  9552 | D:8      | Killed Grum
  9571 | D:7      | Reached XP level 10. HP: 57/91 MP: 11/11
 10054 | D:8      | Noticed Amaemon
 10137 | D:9      | Reached skill level 5 in Invocations
 10140 | D:9      | Reached skill level 10 in Fighting
 11078 | D:9      | Noticed Pikel
 11544 | D:8      | Killed a two-headed ogre
 11545 | D:8      | Reached skill level 12 in Unarmed Combat
 11888 | D:8      | Found a staircase to the Lair.
 12564 | D:9      | Killed Pikel
 12565 | D:9      | Reached XP level 11. HP: 99/99 MP: 14/16
 12771 | D:9      | Reached ** piety under Makhleb
 12772 | D:9      | Reached skill level 1 in Armour
 13097 | D:9      | Found a staircase to the Orcish Mines.
 13257 | D:10     | Entered Level 10 of the Dungeon
 13512 | D:10     | Found Ehuirch's Distillery.
 13534 | D:10     | Bought a potion of resistance for 150 gold pieces
 13586 | D:10     | Noticed Maurice
 13596 | D:10     | Killed Maurice
 13597 | D:10     | Reached skill level 13 in Unarmed Combat
 14031 | D:10     | Noticed Snorg
 14105 | D:10     | Noticed a two-headed ogre
 14123 | D:10     | Killed a two-headed ogre
 14434 | D:11     | Noticed a two-headed ogre
 14447 | D:11     | Killed a two-headed ogre
 14635 | D:11     | Noticed a cyclops
 14726 | D:11     | Found a frozen archway.
 14830 | D:11     | Noticed an ice dragon
 14912 | D:11     | Reached skill level 5 in Armour
 15082 | D:11     | Reached skill level 14 in Unarmed Combat
 15316 | D:11     | Killed a cyclops
 15369 | D:11     | Noticed an oklob plant
 15391 | D:11     | Reached *** piety under Makhleb
 15536 | D:11     | Found a shadowy altar of Dithmenos.
 15546 | D:11     | Reached XP level 12. HP: 95/106 MP: 17/17
 15782 | Lair:1   | Entered Level 1 of the Lair of Beasts
 16534 | Lair:1   | Noticed Fannar
 16900 | Lair:1   | Killed Fannar
 16901 | Lair:1   | Reached skill level 15 in Unarmed Combat
 17898 | Lair:2   | Noticed a six-headed hydra
 18107 | Lair:1   | Reached **** piety under Makhleb
 18274 | Lair:2   | Found a staircase to the Snake Pit.
 18368 | Lair:2   | Identified the +0 ring mail of Zege {Harm Dex+3}
 18383 | Lair:2   | Noticed a catoblepas
 18619 | Lair:2   | Found a staircase to the Shoals.
 18688 | Lair:2   | Noticed a death yak
 18782 | Lair:2   | Killed a catoblepas
 18783 | Lair:2   | Reached XP level 13. HP: 90/113 MP: 18/18
 18917 | Lair:2   | Reached skill level 5 in Stealth
 18917 | Lair:2   | Reached skill level 16 in Unarmed Combat
 19701 | Lair:3   | Reached skill level 10 in Invocations
 20415 | Lair:3   | Found a transporter.
 20417 | Lair:3   | Noticed Charly's ghost (journeyman HuCK)
 20418 | Lair:3   | Found a transporter.
 21010 | Lair:4   | Reached ***** piety under Makhleb
 22071 | Lair:4   | Reached XP level 14. HP: 125/125 MP: 21/21
 22541 | Lair:5   | Found a staircase to the Slime Pits.
 23127 | Lair:5   | Reached skill level 10 in Stealth
 23483 | Lair:6   | Entered Level 6 of the Lair of Beasts
 23581 | Lair:6   | Reached ****** piety under Makhleb
 24658 | Lair:6   | Identified the +2 kite shield "Ycie" {rPois rC- Str+3}
 24880 | Lair:6   | Reached XP level 15. HP: 95/137 MP: 23/23
 25422 | D:8      | Killed Amaemon
 25611 | D:10     | Killed Snorg
 27877 | D:13     | Reached skill level 10 in Armour
 28607 | D:13     | Reached skill level 15 in Fighting
 29299 | D:14     | Found a gate to the Vaults.
 29920 | Orc:1    | Entered Level 1 of the Orcish Mines
 30288 | Orc:2    | Entered Level 2 of the Orcish Mines
 30288 | Orc:2    | Found a gate leading to a gauntlet.
 30743 | Gauntlet | Entered a Gauntlet
 30743 | Gauntlet | Found a transporter.
 31603 | Orc:2    | Found a staircase to the Elven Halls.
 31619 | Elf:1    | Entered Level 1 of the Elven Halls
 31983 | Orc:2    | Found Horiet's General Store.
 32157 | Orc:2    | Found Ukhlaf's Magic Scroll Shop.
 32583 | Orc:2    | Bought a potion of haste for 160 gold pieces
 33373 | Orc:2    | Reached XP level 16. HP: 134/149 MP: 25/25
 34407 | Orc:2    | Reached skill level 15 in Invocations
 34779 | Orc:2    | Found Quc Buos's Antique Armour Emporium.
 34779 | Orc:2    | Found a one-way gate leading to the halls of Pandemonium.
 34779 | Orc:2    | Found Juanoit's Book Shoppe.
 35044 | Elf:1    | Found a gateway to a bazaar.
 35146 | Bazaar   | Entered a bazaar
 35146 | Bazaar   | Found Miaxic's Jewellery Emporium.
 35146 | Bazaar   | Found Riwymoni's Distillery.
 35146 | Bazaar   | Found Raico's Book Shoppe.
 35146 | Bazaar   | Found Kistrit's Antique Weapon Emporium.
 35146 | Bazaar   | Found Wanyehyb's Assorted Antiques.
 35172 | Bazaar   | Bought a scroll labelled IXZIURPHO CYUTE for 18 gold pieces
 35172 | Bazaar   | Bought a scroll of blinking for 135 gold pieces
 35176 | Bazaar   | Bought a ring of willpower for 425 gold pieces
 36494 | D:14     | Noticed Agnes
 36597 | D:14     | Reached skill level 17 in Unarmed Combat
 37419 | D:15     | Entered Level 15 of the Dungeon
 37673 | Snake:1  | Entered Level 1 of the Snake Pit
 37739 | Snake:1  | Found a basalt altar of Yredelemnul.
 38168 | Snake:1  | Noticed Kirke
 38227 | Snake:1  | Killed Kirke
 39098 | Snake:2  | Reached XP level 17. HP: 156/156 MP: 28/28
 40537 | Snake:3  | Reached skill level 18 in Unarmed Combat
 41266 | D:14     | Identified 3 scrolls of acquirement
 41326 | D:14     | Found Nung's Weapon Shop.
 41448 | D:14     | Noticed Azrael
 41466 | D:14     | Killed Azrael
 41879 | D:14     | Killed Agnes
 43445 | D:15     | Found a staircase to the Depths.
 44450 | Depths:1 | Entered Level 1 of the Depths
 45923 | D:15     | HP: 7/156 [deep troll (14)]
 45926 | D:15     | Slain by a deep troll

Illustrated notes

Levels and vault maps discovered:
D:1:      amcnicky_arrival_flooded_fountain, layout_basic,
          ebering_ecumenical_altar_abandoned
D:2:      layout_basic, basic_altar, serial_bayou_pond_b, uniq_robin
D:3:      layout_basic
D:4:      layout_gridville, minmay_temple_entry_statues_pillars, uniq_ijyb
D:5:      layout_cave_pools, mainiacjoe_overflow_big_doors, serial_shops, shop,
          minmay_misc_feat_tiny
D:6:      layout_cave_pools, makhleb_grotto_becter, uniq_eustachio, uniq_sigmund
D:7:      layout_gridville
D:8:      layout_loops_cross, lair_entry_dummy, kennysheep_generic_room_10,
          uniq_amaemon, uniq_grum
D:9:      layout_basic, erik_orc_2, uniq_pikel
D:10:     layout_loops_ring, serial_shops, nicolae_shop_hallway_plus,
          uniq_maurice, uniq_snorg
D:11:     lemuel_slime, layout_basic, portal_ice_cave_entry_animals_and_master,
          grunt_dithmenos_shadows
D:12:     layout_rooms
D:13:     cheibrodos_quadrivalence, layout_basic, serial_ice, serial_ice_n,
          serial_ice_g, serial_ice_j, serial_ice_f, serial_ice_m, serial_ice_c,
          serial_ice_h, serial_ice_d, hangedman_decor_riveting
D:14:     layout_rooms, lightli_vaults_fourway_checkpoint, serial_shops, shop,
          nicolae_water_bricks, uniq_azrael, uniq_agnes
D:15:     grunt_enter_depths_giant_problem, layout_basic,
          minmay_tree_intersection, pf_eden
Temple:   mainiacjoe_temple_bowtie_tessellation
Lair:1:   layout_cellular_growth, ldierk_geyser, st_stairs_12, uniq_fannar
Lair:2:   layout_hall_layers, minmay_shoals_entry_hut,
          minmay_snake_entry_six_corridors
Lair:3:   layout_regular_city, gammafunk_ghost_arena
Lair:4:   layout_long_grid, serial_bayou_lagoon_b, lemuel_fruit_fields,
          serial_bayou_shore_a
Lair:5:   layout_regular_city, nicolae_slime_entry_slimehenge,
          nicolae_quartered_pool_super, serial_bayou_shore_b
Lair:6:   minmay_lair_end_frog_pond, layout_misc_corridors, minivault_23
Snake:1:  layout_concentric_octagons, basic_altar, st_stairs_7, uniq_kirke
Snake:2:  layout_honeycomb, grunt_megastairs_5
Snake:3:  layout_chambers, minmay_shop_grove, uniq_asterion
Orc:1:    layout_diamond_mine
Orc:2:    pf_orc_diabolical, layout_caves, gauntlet_entry_generic
Elf:1:    nicolae_elf_arrival_no_cutting_in_line, layout_geoelf_diagonals,
          serial_shops, bzr_entry_lakeside, minivault_28
Depths:1: layout_basic, hellmouth_3, rand_demon_pan_entry_3,
          kennysheep_decorative_pillar, nicolae_ru_path_of_blood

Skill      XL: |  1  2  3  4  5  6  7  8  9 10 11 12 13 14 15 16 17 |
---------------+----------------------------------------------------+-----
Fighting       | 1 2 4 9 10 11 13 15 | 15.0
Unarmed Combat | 1 3 4 6 7 9 11 12 14 15 16 17 18 | 18.8
Invocations    | 3 8 9 11 13 14 16 17 | 17.9
Armour         | 5 8 9 11 12 | 12.0
Stealth        | 4 8 10 | 10.2
Dodging        | |  1.7
Spellcasting   | |  1.7
Conjurations   | |  0.7
Fire Magic     | |  2.4

Action                   |  1- 3 |  4- 6 |  7- 9 | 10-12 | 13-15 | 16-18 || total
-------------------------+-------+-------+-------+-------+-------+-------++-------
Melee: Unarmed           |    89 |    35 |   250 |   665 |  1304 |   765 ||  3108
       Punch             |     3 |     1 |    12 |    63 |   168 |   128 ||   375
Throw: Dart              |       |       |     5 |    24 |     3 |       ||    32
       Boomerang         |       |       |       |     1 |    46 |     1 ||    48
 Cast: Foxfire           |     7 |       |       |       |       |     1 ||     8
       Scorch            |    12 |    11 |    79 |    61 |    11 |       ||   174
Invok: Minor Destruction |       |       |       |    72 |   358 |   104 ||   534
       Major Destruction |       |       |       |     3 |     7 |     4 ||    14
       Lesser Servant of |       |       |       |       |       |     1 ||     1
Evoke: Wand              |       |       |    20 |    13 |     1 |     7 ||    41
  Use: Scroll            |     3 |     2 |    10 |     3 |    14 |     9 ||    41
       Potion            |       |     3 |     3 |     1 |     3 |     3 ||    13
 Stab: Sleeping          |     2 |       |       |     2 |    13 |    11 ||    28
       Distracted        |       |       |       |     1 |     5 |     5 ||    11
Armor: Robe              |    11 |     5 |    44 |     8 |       |       ||    68
       Steam dragon scal |       |       |       |   131 |    22 |       ||   153
       Ring mail         |       |       |       |       |   479 |   342 ||   821
Dodge: Dodged            |    38 |    20 |   123 |   262 |   498 |   255 ||  1196

Table legend: (Time is in decaauts)
 A = Elapsed time spent in this place.
 B = Non-inter-level travel time spent in this place.
 C = Inter-level travel time spent in this place.
 D = Time resting spent in this place.
 E = Time spent auto-exploring this place.
 F = Levels seen in this place.
 G = Mean time per level.
                   A        B        C        D        E       F      G
               +--------+--------+--------+--------+--------+-----+--------+
         Total |  45257 |  41529 |   3728 |  19136 |   1978 |  31 | 1459.9 |
       Dungeon |  26456 |  24387 |   2069 |  12120 |    734 |  15 | 1763.7 |
        Temple |    288 |    257 |     31 |      0 |    245 |   1 |  288.0 |
          Lair |   9323 |   8458 |    865 |   2612 |    827 |   6 | 1553.8 |
     Snake Pit |   3367 |   2890 |    477 |   1294 |     86 |   3 | 1122.3 |
  Orcish Mines |   3803 |   3666 |    137 |   2182 |     86 |   2 | 1901.5 |
   Elven Halls |   1932 |   1785 |    147 |    926 |      0 |   1 | 1932.0 |
        Depths |     41 |     41 |      0 |      0 |      0 |   1 |   41.0 |
        Bazaar |     37 |     37 |      0 |      0 |      0 |   1 |   37.0 |
      Gauntlet |      5 |      5 |      0 |      0 |      0 |   1 |    5.0 |
               +--------+--------+--------+--------+--------+-----+--------+

Top non-repeatable levels by time:
    D:15: 3448 daAuts
    D:13: 3071 daAuts
   Orc:2: 2657 daAuts
     D:9: 2528 daAuts
     D:5: 2457 daAuts
    D:14: 1958 daAuts
  Lair:2: 1942 daAuts
   Elf:1: 1932 daAuts
  Lair:1: 1911 daAuts
 Snake:2: 1806 daAuts
     D:8: 1729 daAuts
  Lair:4: 1721 daAuts
     D:7: 1691 daAuts
    D:11: 1662 daAuts
    D:10: 1632 daAuts
